 Dungeon Crawl Stone Soup version 0.25-a0-464-g3004169c2b (webtiles) character file.

Game seed: 11249219190990311426, levelgen mode: deterministic

614 Erk the Shield-Bearer (level 7, 0/38 HPs)
             Began as a Vine Stalker Fighter on Feb 4, 2020.
             Was an Initiate of Elyvilon.
             Slain by an ogre
             ... wielding a +0 giant club
              (13 damage)
             ... on level 7 of the Dungeon.
             The game lasted 00:13:29 (3139 turns).

Erk the Shield-Bearer (Vine Stalker Fighter)        Turns: 3139, Time: 00:13:29

Health: 0/38       AC: 11    Str: 20    XL:     7   Next: 44%
Magic:  0/9        EV:  5    Int:  8    God:    Elyvilon [......]
Gold:   127        SH: 10    Dex: 14    Spells: 6/6 levels left

rFire    . . .     SeeInvis .   a - +0 long sword
rCold    . . .     Gourm    .   c - +0 shield
rNeg     . . .     Faith    .   r - +0 chain mail
rPois    .         Spirit   +   w - +0 helmet
rElec    .         Reflect  .   (no cloak)
rCorr    .         Harm     .   (no gloves)
MR       .....                  p - +0 pair of boots
Stlth    ..........             (no amulet)
HPRegen  0.52/turn              g - ring of flight
MPRegen  0.11/turn              (no ring)

@: no status effects
A: fangs 2, regeneration 1, magic shield, antimagic bite, no potion heal 3, rot
immunity
a: Renounce Religion, Evoke Flight


You were on level 7 of the Dungeon.
You worshipped Elyvilon.
Elyvilon was noncommittal.
You were not hungry.

You visited 1 branch of the dungeon, and saw 6 of its levels.

You collected 127 gold pieces.

Inventory:

Hand Weapons
 a - a +0 long sword (weapon)
Missiles
 i - 30 poisoned darts (quivered)
Armour
 c - a +0 shield (worn)
 p - a +0 pair of boots (worn)
 r - a +0 chain mail (worn)
 w - a +0 helmet (worn)
Jewellery
 g - a ring of flight (left hand)
Scrolls
 k - a scroll of remove curse
 m - 2 scrolls of immolation {unknown}
 n - a scroll of teleportation {unknown}
 o - 2 scrolls of amnesia {unknown}
 s - a scroll of enchant weapon {unknown}
 t - a scroll of random uselessness {unknown}
Potions
 d - 2 potions of might
 e - a potion of berserk rage
 q - a potion of haste
 v - 2 potions of flight
Comestibles
 b - 2 chunks of flesh
 f - 8 rations


   Skills:
 + Level 4.6 Fighting
 - Level 1.7 Long Blades
 + Level 4.1 Armour
 + Level 4.6 Shields
 + Level 1.9 Invocations
 + Level 1.7 Evocations


You had 6 spell levels left.
You didn't know any spells.
Your spell library was empty.

Dungeon Overview and Level Annotations

Branches:
Dungeon (5/15)
 Temple: D:4-7

Altars:
Ashenzari
Elyvilon
Okawaru
Qazlal
Trog
Yredelemnul
The Shining One

Portals:
Ossuary: D:5


Innate Abilities, Weirdness & Mutations

You have extremely sharp teeth.
Your natural rate of healing is unusually fast.
When hurt, damage is shared between your health and your magic reserves.
Your bite disrupts and absorbs the magic of your enemies.
Potions cannot restore your health.
You are immune to rotting.


Message History

An ogre comes into view. It is wielding a +0 giant club.
The ogre shouts!
You block the ogre's attack.
You hit the ogre.
The ogre is lightly wounded.
You block the ogre's attack.
You hit the ogre.
The ogre is moderately wounded.
You block the ogre's attack.
You hit the ogre. You bite the ogre. You drain its power.
The ogre is severely wounded.
The ogre hits you with a +0 giant club!
You hit the ogre. You bite the ogre, but do no damage.
The ogre is severely wounded.
The ogre hits you with a +0 giant club!
You barely miss the ogre. You bite the ogre. You drain its power.
You feel invigorated.
The ogre is severely wounded.
The ogre hits you with a +0 giant club!!
You die...

..# ######.######
#.# #...........#
#.# #.##.....#...
#.###.###...###.#
#.....# ##)## ###
#.##### #.# #.#
#.# .#######.#
##'## .......@.#
##...##
.###...O##
##.....## ##.#.#
#.......## #....
#.........##
#....
+.........'.
....#
#.........##
###..#
##....##### ##.#
##... ##..


You could see an ogre.

Vanquished Creatures
  An ice beast (D:5)
  An ogre (D:7)
  A water moccasin zombie (D:4)
  A scorpion (D:5)
  A howler monkey (D:4)
  2 crimson imps
  A worker ant (D:7)
  Robin (D:3)
  3 gnolls (D:3)
  3 adders
  An ooze (D:1)
  2 adder skeletons
  6 worms
  4 dart slugs
  3 leopard geckos
  5 orcs
  2 ball pythons (D:2)
  8 bats
  A bat zombie (D:2)
  3 giant cockroaches
  18 goblins
  7 hobgoblins
  4 jackals
  2 quokkas
  A frilled lizard (D:2)
  5 kobolds
  A leopard gecko skeleton (D:4)
  A quokka skeleton (D:2)
  11 rats
100 creatures vanquished.

Notes
Turn   | Place    | Note
-------+----------+-------------------------------------------
     0 | D:1      | Erk the Vine Stalker Fighter began the quest for the Orb.
     0 | D:1      | Reached XP level 1. HP: 11/11 MP: 2/2
   125 | D:1      | Reached XP level 2. HP: 12/16 MP: 3/3
   349 | D:1      | Reached XP level 3. HP: 10/20 MP: 4/4
   998 | D:2      | Gained mutation: Your natural rate of healing is unusually
                  | fast. [Vine Stalker growth]
   998 | D:2      | Reached XP level 4. HP: 15/24 MP: 5/5
  1615 | D:3      | Found a stormy altar of Qazlal.
  1677 | D:3      | Found a shattered altar of Ashenzari.
  1824 | D:3      | Noticed Robin
  1829 | D:3      | Reached XP level 5. HP: 28/28 MP: 6/6
  1844 | D:3      | Killed Robin
  2017 | D:3      | Found a bloodstained altar of Trog.
  2462 | D:4      | Found a glowing golden altar of the Shining One.
  2523 | D:4      | Reached XP level 6. HP: 32/33 MP: 7/7
  2572 | D:4      | Became a worshipper of the Shining One
  2631 | D:4      | Found a white marble altar of Elyvilon.
  2631 | D:4      | Found a faded altar of an unknown god.
  2638 | D:4      | Found a faded altar of an unknown god.
  2641 | D:4      | Fell from the grace of the Shining One
  2641 | D:4      | Became a worshipper of Elyvilon the Healer
  2648 | D:4      | Found a basalt altar of Yredelemnul.
  2649 | D:4      | Found an iron altar of Okawaru.
  2926 | D:5      | Entered Level 5 of the Dungeon
  2993 | D:5      | Reached skill level 1 in Invocations
  2993 | D:5      | Noticed an ice beast
  3001 | D:5      | Killed an ice beast
  3001 | D:5      | Reached skill level 1 in Evocations
  3001 | D:5      | Reached XP level 7. HP: 19/38 MP: 6/9
  3002 | D:5      | Found a sand-covered staircase.
  3007 | D:5      | You fall into a shaft and drop 2 floors!
  3139 | D:7      | Slain by an ogre

Levels and vault maps discovered:
D:1:      psy_arrival_whirlpool, layout_loops_ring
D:2:      layout_basic, serial_undead, serial_undead_d, serial_undead_e,
          serial_undead_f, serial_undead_b, dk_vineyard_3,
          minmay_misc_feat_cross
D:3:      layout_loops_ring, cheibrodos_ashenzari_chains, lemuel_round_altar,
          first_ration, grunt_qazlal_clouds, uniq_robin
D:4:      minmay_skewed_foursquare, layout_loops_cross,
          nicolae_tso_carved_into_rock, chequers_temple_overflow_minitemple,
          lemuel_round_altar
D:5:      layout_gridville, vehumet_statue, nicolae_ossuary_entry_monument
D:7:      layout_loops_corners, nicolae_overflow_hidden_temple,
          lemuel_temple_firewalk_b

Skill      XL: |  1  2  3  4  5  6 |
---------------+-------------------+-----
Fighting       | 3 4 |  4.6
Shields        | 3 4 |  4.6
Armour         | 3 4 |  4.1
Invocations    | 1 |  1.9
Evocations     | 1 |  1.7
Long Blades    | |  1.7

Action                   |  1- 3 |  4- 6 |  7- 9 || total
-------------------------+-------+-------+-------++-------
Melee: Long sword        |    97 |   184 |    20 ||   301
       Bite              |    30 |    68 |    11 ||   109
  Use: Scroll            |       |     7 |       ||     7
  Eat: Chunk             |       |     7 |     1 ||     8
Armor: Scale mail        |    44 |    24 |       ||    68
       Chain mail        |       |    85 |     4 ||    89
Dodge: Dodged            |    32 |    45 |     4 ||    81
Block: Shield            |    46 |   110 |    11 ||   167
       Rpst.: Long sword |    10 |    17 |     1 ||    28

Table legend:
 A = Non-vault XP
 B = Vault XP
 C = Vault XP percentage of total XP
 D = Non-vault monster count
 E = Vault monster count
 F = Vault count percentage of total count
                 A         B        C        D         E       F
            +---------+---------+-------+---------+---------+-------
      Total |     765 |     113 |  12.9 |      80 |      20 |  20.0
            +---------+---------+-------+---------+---------+-------
        D:1 |      51 |       0 |   0.0 |      26 |       0 |   0.0
        D:2 |      81 |       8 |   9.0 |      26 |       3 |  10.3
        D:3 |      79 |      39 |  33.1 |      14 |      13 |  48.1
        D:4 |     153 |      66 |  30.1 |       9 |       4 |  30.8
        D:5 |     199 |       0 |   0.0 |       2 |       0 |   0.0
        D:7 |     202 |       0 |   0.0 |       3 |       0 |   0.0
            +---------+---------+-------+---------+---------+-------
